 Dungeon Crawl Stone Soup version 0.29.0-5-ge4962eb29e (webtiles) character file.

Game seed: 9039994407101091283

120 sanka the Gusty (level 5, -6/35 HPs)
             Began as a Merfolk Air Elementalist on Aug 28, 2022.
             Mangled by an ogre
             ... wielding a +0 giant club
              (30 damage)
             ... on level 4 of the Dungeon.
             The game lasted 00:09:36 (4524 turns).

sanka the Gusty (Merfolk Air Elementalist)          Turns: 4524, Time: 00:09:36

Health: -6/35      AC:  4    Str: 11    XL:     5   Next: 4%
Magic:  1/8        EV: 12    Int: 14    God:
Gold:   179        SH:  0    Dex: 14    Spells: 2/8 levels left

rFire   . . .      SeeInvis .   f - +3 dagger
rCold   . . .      Faith    .   (no shield)
rNeg    . . .      Spirit   .   a - +0 robe
rPois   .          Reflect  .   r - +0 helmet
rElec   .          Harm     .   (no cloak)
rCorr   .          Rampage  .   m - +0 pair of gloves
Will    .....                   (no boots)
Stlth   ++........              (no amulet)
HPRegen 0.11/turn               (no ring)
MPRegen 0.11/turn               (no ring)

@: very slightly contaminated
A: (nimble swimmer 2), mertail
a: no special abilities


You were on level 4 of the Dungeon.
You visited 1 branch of the dungeon, and saw 4 of its levels.

You collected 179 gold pieces.


Innate Abilities, Weirdness & Mutations

((You are very nimble when in or above water. (Stealth+, EV+, Speed+++)))
Your lower body shifts to a powerful aquatic tail in water.


   Skills:
 - Level 2.6 Dodging
 - Level 2.1 Stealth
 - Level 2.0 Spellcasting
 + Level 2.7 Conjurations
 + Level 3.6 Air Magic


You had 2 spell levels left.
You knew the following spells:

 Your Spells              Type           Power      Damage    Failure   Level
s - Swiftness             Air            11%        N/A       16%         3
z - Shock                 Conj/Air       40%        1d5       6%          1
Z - Static Discharge      Conj/Air       10%        3-5/arc   10%         2

Your spell library contained the following spells:

 Spells                   Type           Power      Damage    Failure   Level
 Poisonous Vapours        Pois/Air       12%        N/A       17%         2
 Airstrike                Air            5%         2d(1-17)  47%         4
 Corpse Rot               Necr/Pois/Air  4%         N/A       82%         4

Inventory:

Hand Weapons
 f - a +3 dagger (weapon)
Missiles
 h - 5 poisoned darts
Armour
 a - a +0 robe (worn)
 m - a +0 pair of gloves (worn)
 r - a +0 helmet (worn)
Wands
 q - a wand of light (4)
Scrolls
 c - 5 scrolls of identify {unknown}
 d - a scroll of magic mapping {unknown}
 g - 2 scrolls of butterflies {unknown}
 o - 2 scrolls of teleportation {unknown}
 s - a scroll of summoning {unknown}
Potions
 b - 2 potions of magic
 e - a potion of curing {unknown}
 i - a potion of heal wounds {unknown}
 j - a potion of brilliance {unknown}
 k - a potion of mutation {unknown}
 l - 4 potions of haste {unknown}
 n - a potion of attraction {unknown}
 p - a potion of berserk rage {unknown}

Dungeon Overview and Level Annotations

Branches:
Dungeon (4/15)
 Temple: D:4-7

Altars:
Makhleb
Trog

Annotations:
D:2 Natasha, Terence

▒.............▒
▒.▒▒▒▒▒)▒▒▒▒▒.▒
▒.▒......)).▒
▒.▒.▒▒▒.▒▒▒.▒ ▒.▒
▒......<▒ ▒.▒
▒.▒.▒▒▒.▒ ▒(▒
▒.....).▒ ▒
▒.▒.▒▒▒.▒▒▒▒▒.▒
▒.▒.......Om..▒
▒▒▒▒▒▒.▒▒▒▒▒.▒▒▒▒▒▒▒.▒
.....................▒
▒▒▒▒▒▒.▒▒▒▒▒.▒▒▒▒▒▒▒▒▒
▒.............▒
▒▒▒+▒...........▒
▒▒.......▒▒▒.▒▒▒▒▒▒▒▒
▒▒▒▒.....+..........▒
≈≈≈▒.....▒▒▒.▒▒▒▒▒▒.▒


You could see an ogre.


Message History

The zap hits the ogre.
The ogre is heavily wounded.
The zap hits the ogre.
The ogre is heavily wounded.
The orc hits you with a +0 flail. The orc attacks as you move away!
The orc closely misses you.
Aiming: Shock (safe; 6% risk of failure)
The zap hits the orc.
You kill the orc!
The zap hits the ogre.
The ogre is heavily wounded.
The zap hits the ogre.
The ogre is severely wounded.
The ogre attacks as you move away! The ogre closely misses you.
Aiming: Shock (safe; 6% risk of failure)
The zap misses the ogre.
The zap hits the ogre.
The ogre is severely wounded.
The ogre hits you with a +0 giant club.
Aiming: Shock (safe; 6% risk of failure)
You miscast Shock.
You are very lightly contaminated with residual magic.
Nothing appears to happen.
Unknown command.
The ogre attacks as you move away!
The ogre hits you with a +0 giant club!!
Ouch! That really hurt!
You die...

Action                   |  1- 3 |  4- 6 || total
-------------------------+-------+-------++-------
Melee: Dagger            |    43 |    23 ||    66
       Punch             |     1 |       ||     1
 Cast: Shock             |    79 |    40 ||   119
 Stab: Sleeping          |       |     2 ||     2
Armor: Robe              |    24 |     7 ||    31
Dodge: Dodged            |    52 |    16 ||    68

Levels and vault maps discovered:
D:1:      heliophobic_arrival_ceremonial_halls, layout_loops_ring,
          hellmonk_ecumenical_altar_run_dry, minmay_box_of_dots
D:2:      layout_basic, nicolae_figureground_pulse, uniq_natasha, uniq_terence
D:3:      layout_basic, mainiacjoe_overflow_paths,
          nicolae_overflow_crystal_walls, minmay_between
D:4:      layout_basic, minmay_temple_entry_mini_moons, serial_rivers,
          chequers_serial_rivers_room_a, chequers_serial_rivers_micro_c,
          chequers_serial_rivers_micro_e, chequers_serial_rivers_micro_a,
          chequers_serial_rivers_micro_b, gammafunk_ghost_necromancy,
          grunt_ministairs_15

Notes
Turn   | Place    | Note
-------+----------+-------------------------------------------
     0 | D:1      | sanka the Merfolk Air Elementalist began the quest for the
                  | Orb.
     0 | D:1      | Reached XP level 1. HP: 13/13 MP: 3/3
   140 | D:1      | Reached skill level 1 in Conjurations
   233 | D:1      | Found a faded altar of an unknown god.
   302 | D:1      | Reached XP level 2. HP: 19/19 MP: 1/5
   354 | D:1      | Learned a level 2 spell: Static Discharge
  1100 | D:1      | Reached XP level 3. HP: 24/24 MP: 2/6
  1367 | D:2      | Reached skill level 3 in Air Magic
  1620 | D:2      | Reached skill level 2 in Conjurations
  1766 | D:2      | Noticed Natasha
  2037 | D:2      | Noticed Terence
  2749 | D:3      | Reached XP level 4. HP: 30/30 MP: 3/7
  2818 | D:3      | Learned a level 3 spell: Swiftness
  3430 | D:3      | Found a burning altar of Makhleb.
  3518 | D:3      | Found a bloodstained altar of Trog.
  4496 | D:4      | Noticed an ogre
  4507 | D:4      | Reached XP level 5. HP: 31/35 MP: 4/8
  4524 | D:4      | Mangled by an ogre

Vanquished Creatures
  4 adders
  A worm (D:3)
  A dart slug (D:3)
  8 orcs
  4 bats
  5 endoplasms
  4 giant cockroaches
  6 goblins
  8 hobgoblins
  5 quokkas
  7 ball pythons
  3 frilled lizards
  6 kobolds
  4 rats
66 creatures vanquished.
